 Seeded DCSS version 0.29.1-15-g9cfb28693d (webtiles) character file.

Game seed: 4030536004999934454 (custom seed)

11 Psyclone the Conjurer (level 2, 3/15 HPs)
             Began as a Deep Elf Conjurer on Oct 4, 2023.
             Quit the game on level 1 of the Dungeon.
             The game lasted 00:00:45 (166 turns).

Psyclone the Conjurer (Deep Elf Conjurer)            Turns: 166, Time: 00:00:46

Health: 3/15       AC:  2    Str:  3 (4)  XL:     2   Next: 13%
Magic:  2/8        EV: 12    Int: 21 (22) God:
Gold:   5          SH:  0    Dex: 12 (13) Spells: 6/7 levels left

rFire   . . .      SeeInvis .   (no weapon)
rCold   . . .      Faith    .   (no shield)
rNeg    . . .      Spirit   .   a - +0 robe
rPois   .          Reflect  .   (no helmet)
rElec   .          Harm     .   (no cloak)
rCorr   .          Rampage  .   (no gloves)
Will    .....                   (no boots)
Stlth   ++........              (no amulet)
HPRegen 0.05/turn               (no ring)
MPRegen 0.11/turn               (no ring)

@: hasted, very quick
A: no striking features
a: no special abilities


You were on level 1 of the Dungeon.
You visited 1 branch of the dungeon, and saw 1 of its levels.

You collected 5 gold pieces.

Inventory:

Armour
 a - a +0 robe (worn)
Scrolls
 d - 2 scrolls of acquirement
Potions
 b - a potion of magic


   Skills:
 + Level 2.7 Dodging
 + Level 2.7 Stealth
 + Level 3.2 Spellcasting
 + Level 4.5 Conjurations


You had 6 spell levels left.
You knew the following spells:

 Your Spells              Type           Power      Damage    Failure   Level
a - Magic Dart            Conj           88%        1d7       1%          1

Your spell library contained the following spells:

 Spells                   Type           Power      Damage    Failure   Level
 Searing Ray              Conj           44%        2d6       3%          2
 Dazzling Flash           Conj/Hex       26%        N/A       16%         3
 Fulminant Prism          Conj/Hex       6%         3d7       45%         4
 Iskenderun's Mystic Bla  Conj/Tloc      13%        2d5       45%         4


Dungeon Overview and Level Annotations

Branches:
Dungeon (1/15) Zot: 5845

Altars:


Message History

The dart slug is moderately wounded.
The dart slug launches a dart at you. The slug dart hits you.
* * * LOW HITPOINT WARNING * * *
You take 5 damage, and have 4/15 hp.
MASSIVE DAMAGE!!
You hit the dart slug.
The dart slug is heavily wounded.
The dart slug bites you but does no damage.
You aren't carrying any scrolls.
It was a potion of haste.
You feel yourself speed up. The dart slug completely misses you.
It was a potion of degeneration.
There was something very wrong with that liquid.
You feel weakened.
You feel dopey.
You feel clumsy.
Found 13 gold pieces.
A giant cockroach comes into view.
Found 2 scrolls labelled IRI QITRIX RIW.
Found a scroll labelled LELIFI GIPS.
The giant cockroach bites you.
* * * LOW HITPOINT WARNING * * *
You take 2 damage, and have 2/15 hp.
You see here a scroll labelled LELIFI GIPS.
c - a scroll labelled LELIFI GIPS
Found a bubbling dark potion.
There is a stone staircase leading down here.
You see here 2 scrolls labelled IRI QITRIX RIW.
d - 2 scrolls labelled IRI QITRIX RIW
Casting: Magic Dart (safe; 1% risk of failure)
Confirm with . or Enter, or press ? or * to list all spells.
Aiming: Magic Dart (safe; 1% risk of failure)
Press: ? - help, Shift-Dir - straight line, f - giant cockroach
Aim: a giant cockroach (100% to hit)
The magic dart hits the giant cockroach.
You kill the giant cockroach!
You now have 2/8 mp.
As you read the scroll labelled LELIFI GIPS, it crumbles to dust.
It is a scroll of identify.
d - 2 scrolls of acquirement Unknown command.
Are you sure you want to abandon this character and quit the game? (Confirm with "yes".)

..##...#†#.####.
.###...w........ ...
.. ######..........
..# .##
#............... ..
...
#.####.##########.#..#
..........# ##.#.#..#
$...#.###.# #......
#.# #.###.#####.#.#.##
# #...........@....#
#####.#..†....#..#
#.#.###.### # #.#.#
#.# #.#.# #.# #.#.#
#.# #>#.# #.#
.#####.#.###.#
#...........#


There were no monsters in sight!

Vanquished Creatures
  A ball python (D:1)
  A giant cockroach (D:1)
  3 jackals (D:1)
  A quokka (D:1)
  A bat (D:1)
  A frilled lizard (D:1)
  A goblin (D:1)
  A rat (D:1)
10 creatures vanquished.

Notes
Turn   | Place    | Note
-------+----------+-------------------------------------------
     0 | D:1      | Psyclone the Deep Elf Conjurer began the quest for the Orb.
     0 | D:1      | Reached XP level 1. HP: 10/10 MP: 6/6
   109 | D:1      | Reached XP level 2. HP: 15/15 MP: 0/8
   165 | D:1      | Identified 2 scrolls of acquirement
   166 | D:1      | Quit the game

Illustrated notes

Levels and vault maps discovered:
D:1:      dpeg_arrival_leaves_temple_mockup, layout_basic, interstate_on_off

Action                   || total
-------------------------++-------
Melee: Unarmed           ||     3
 Cast: Magic Dart        ||    14
  Use: Potion            ||     2
       Scroll            ||     1
Armor: Robe              ||     1
Dodge: Dodged            ||     5
